Map: [ESL] Royal Blood

Players

SCV

  • Race: Protoss Protoss
  • Spawn Location: 7:00

iGMacSed (MacSed) - Winner!

  • Race: Protoss Protoss
  • League: Grandmaster
  • Spawn Location: 1:00

Event: ESL SC2 Masters 2023 Summer (Regionals)

VOD

Have the link to the VOD?

Description

Time

  • Played on: May 5, 2023, 7:15 a.m.
  • Length: 11:17

All games in this series

Show
View Real Time Build Order
Export as new Build Order

SCV Protoss 

Build Orders: Oracle Opening 

Get SALT Encoding   

  12  0:00  Probe  
  13  0:12  Probe  
  14  0:17  Pylon  
  14  0:24  Probe (Chrono Boost)  
  15  0:36  Probe (Chrono Boost)  
  15  0:37  Gateway  
  16  0:44  Probe (Chrono Boost)  
  16  0:46  Assimilator  
  17  0:51  Probe  
  17  0:54  Assimilator  
  18  1:03  Probe (Chrono Boost)  
  19  1:07  Gateway  
  19  1:14  Probe (Chrono Boost)  
  20  1:18  Probe (Chrono Boost)  
  20  1:23  Cybernetics Core  
  21  1:29  Probe  
  22  1:34  Pylon  
  22  1:41  Probe  
  23  1:53  Probe  
  24  1:59  Warp Gate (Chrono Boost)  
  24  2:00  Stalker x2  
  28  2:09  Pylon  
  28  2:12  Probe  
  29  2:24  Pylon  
  29  2:30  Stalker  
  29  2:32  Stalker  
  33  2:42  Stargate  
  33  3:04  Nexus  
  33  3:07  Probe  
  34  3:14  Pylon  
  34  3:19  Probe  
  35  3:22  Oracle (Chrono Boost)  
  38  3:31  Probe  
  37  3:43  Probe  
  37  3:45  Stalker  
  37  3:47  Stalker  
  42  3:55  Shield Battery  
  42  3:59  Probe  
  43  4:07  Twilight Council  
  43  4:13  Probe (Chrono Boost)  
  42  4:19  Probe (Chrono Boost)  
  44  4:25  Stalker  
  44  4:28  Probe x2 (Chrono Boost)  
  47  4:33  Probe (Chrono Boost)  
  47  4:35  Probe  
  47  4:37  Blink (Chrono Boost)  
  49  4:45  Probe  
  50  4:47  Probe  
  50  4:50  Gateway  
  51  4:54  Gateway  
  51  4:57  Probe  
  51  4:59  Probe  
  52  5:09  Probe  
  52  5:11  Probe  
  52  5:13  Pylon, Stalker x2  
  58  5:30  Nexus  
  58  5:33  Probe x2  
  60  5:37  Stalker  
  60  5:38  Stalker  
  64  5:45  Probe x2  
  64  5:47  Assimilator  
  64  5:48  Stalker  
  68  5:54  Stalker  
  70  6:02  Pylon  
  70  6:17  Charge  
  70  6:20  Probe x2  
  72  6:28  Stalker x3  
  78  6:38  Pylon, Forge  
  78  6:43  Probe (Chrono Boost), Shield Battery  
  78  6:44  Stalker  
  78  6:46  Probe x2 (Chrono Boost)  
  83  6:53  Probe (Chrono Boost), Pylon  
  86  6:55  Probe x2 (Chrono Boost)  
  86  7:01  Probe x3 (Chrono Boost)  
  88  7:02  Pylon, Stalker x2  
  88  7:03  Stalker  
  88  7:04  Protoss Ground Weapons Level 1 (Chrono Boost)  
  95  7:08  Probe x2  
  95  7:09  Probe, Pylon  
  95  7:13  Photon Cannon  
  98  7:18  Photon Cannon  
  98  7:21  Probe  
  99  7:25  Gateway  
  99  7:26  Gateway  
  99  7:31  Gateway  
  99  7:34  Probe  
  99  7:35  Probe  
  99  7:44  Gateway  
  99  7:46  Pylon  
  99  7:50  Stalker x4  
  107  7:56  Photon Cannon  
  107  8:09  Pylon  
  107  8:16  Stalker x3  
  107  8:17  Stalker  
  107  8:19  Nexus  
  115  8:30  Stalker x3  
  103  8:45  Stalker x5  
  103  8:52  Shield Battery  
  103  8:53  Photon Cannon  
  102  8:58  Stalker x3  
  108  9:06  Shield Battery  
  108  9:08  Pylon, Stalker x2  
  112  9:13  Stalker x2  
  112  9:15  Zealot  
  118  9:21  Stalker x2  
  118  9:23  Zealot  
  104  9:29  Probe  
  95  9:39  Stalker x2  
  95  9:41  Stalker  
  95  9:42  Zealot x2  
  95  9:44  Probe x3  
  106  9:52  Probe  
  104  9:56  Probe, Robotics Facility  
  104  9:57  Probe x2  
  107  10:04  Probe, Zealot x4  
  116  10:08  Probe, Zealot  
  116  10:09  Zealot  
  119  10:17  Zealot x2  
  121  10:26  Zealot x3  
  119  10:29  Stalker  
  119  10:31  Stalker  
  119  10:34  Stalker  
  112  10:40  Stalker  
  102  10:43  Stalker  
  102  10:49  Zealot x3  
  98  10:52  Zealot  
  98  10:56  Stalker  
  94  10:58  Zealot  
  94  11:03  Zealot  
  80  11:08  Stalker  
  80  11:09  Stalker x2  
  80  11:10  Zealot  
Show
View Real Time Build Order
Export as new Build Order

iGMacSed Protoss - Winner!

Build Orders: Oracle Opening 

Get SALT Encoding   

  12  0:00  Probe  
  13  0:12  Probe  
  14  0:17  Pylon  
  14  0:24  Probe (Chrono Boost)  
  15  0:36  Probe (Chrono Boost), Gateway  
  16  0:44  Probe (Chrono Boost)  
  16  0:45  Assimilator  
  17  0:50  Probe  
  18  0:57  Assimilator  
  18  1:03  Probe (Chrono Boost)  
  19  1:07  Gateway  
  19  1:13  Probe (Chrono Boost)  
  19  1:18  Probe (Chrono Boost)  
  20  1:24  Cybernetics Core  
  21  1:29  Probe  
  22  1:34  Pylon  
  22  1:41  Probe  
  23  1:53  Probe  
  24  2:00  Warp Gate, Stalker x2  
  28  2:08  Pylon  
  28  2:10  Probe  
  29  2:30  Stargate  
  28  2:46  Nexus  
  28  2:52  Shield Battery  
  28  2:55  Probe  
  29  3:03  Stalker  
  31  3:08  Probe  
  31  3:12  Oracle (Chrono Boost)  
  35  3:21  Probe  
  35  3:25  Pylon  
  36  3:33  Probe  
  37  3:44  Shield Battery  
  37  3:45  Oracle  
  40  3:50  Probe (Chrono Boost)  
  41  3:57  Twilight Council  
  41  4:01  Probe (Chrono Boost)  
  41  4:02  Probe (Chrono Boost)  
  44  4:11  Probe x2 (Chrono Boost)  
  44  4:16  Probe x2 (Chrono Boost)  
  45  4:20  Stalker x2  
  51  4:25  Blink (Chrono Boost)  
  51  4:27  Probe  
  51  4:28  Probe  
  53  4:39  Probe  
  53  4:40  Probe  
  53  4:44  Assimilator  
  55  4:52  Probe  
  56  4:53  Probe  
  56  4:57  Stalker x2  
  61  5:00  Pylon  
  62  5:09  Pylon  
  62  5:11  Probe  
  62  5:13  Nexus  
  62  5:23  Stalker  
  62  5:24  Stalker  
  62  5:26  Pylon  
  66  5:31  Probe  
  66  5:35  Probe, Forge  
  68  5:43  Probe  
  68  5:45  Shield Battery  
  68  5:47  Stalker  
  68  5:48  Stalker  
  68  5:49  Probe  
  74  5:55  Probe  
  75  6:01  Probe  
  75  6:02  Gateway  
  75  6:03  Protoss Ground Weapons Level 1 (Chrono Boost)  
  75  6:04  Gateway  
  76  6:07  Probe  
  77  6:13  Probe, Charge  
  78  6:18  Robotics Facility  
  78  6:19  Probe  
  78  6:25  Stalker x2  
  83  6:27  Probe  
  83  6:28  Probe  
  85  6:35  Probe  
  85  6:39  Probe  
  87  6:40  Probe  
  87  6:46  Gateway  
  88  6:47  Probe  
  88  6:49  Gateway, Stalker x2  
  94  6:57  Pylon  
  94  7:00  Gateway  
  94  7:01  Zealot, Sentry  
  95  7:06  Gateway  
  95  7:07  Observer  
  98  7:13  Gateway  
  98  7:14  Gateway  
  98  7:16  Zealot x2  
  98  7:22  Templar Archives  
  102  7:26  Pylon  
  102  7:28  Pylon  
  102  7:35  Zealot x2  
  106  7:39  Zealot  
  106  7:41  Warp Prism (Chrono Boost)  
  110  7:58  Zealot x3  
  110  7:59  Zealot x3  
  122  8:09  High Templar  
  122  8:10  Protoss Ground Weapons Level 2 (Chrono Boost)  
  124  8:13  Pylon  
  124  8:15  Nexus, Pylon  
  124  8:16  Pylon  
  124  8:17  Pylon  
  118  8:31  High Templar  
  118  8:32  Zealot x8  
  128  8:38  Archon  
  128  8:39  Probe  
  123  8:41  Probe  
  123  8:42  Photon Cannon  
  120  8:49  Probe  
  117  8:58  Zealot x7, Stalker x2  
  135  9:04  Stalker  
  130  9:20  Stalker x3  
  130  9:21  Stalker  
  124  9:26  Zealot  
  118  9:33  Stalker x2  
  112  9:47  Warp Prism (Chrono Boost)  
  114  9:58  Zealot x7  
  114  9:59  High Templar  
  130  10:00  High Templar  
  130  10:04  Archon  
  132  10:28  Zealot x8  
  128  10:36  Zealot x2  
  126  10:48  Zealot x8  
  120  11:00  Stalker x2  
Tags
 
Add a new tag
Caveats
  • Supply blocks, unpowered buildings, or Contaminate may cause inaccurate times.
  • Supply counts are checked every 10 seconds.